 Dungeon Crawl Stone Soup version 0.16-a0-3354-g045d5c7 (webtiles) character file.

71 MackTheKnife the Slasher (level 4, -5/31 HPs)
             Began as an Octopode Berserker on Dec 29, 2014.
             Was a Believer of Trog.
             Slain by a gnoll
             ... wielding a +2 whip of pain
              (9 damage)
             ... on level 2 of the Dungeon.
             The game lasted 00:02:12 (1679 turns).

MackTheKnife the Slasher (Octopode Berserker)       Turns: 1679, Time: 00:02:12

Health: -5/31      AC:  1    Str: 21    XL:     4   Next: 24%
Magic:  4/4        EV:  7    Int:  9    God:    Trog [**....]
Gold:   94         SH:  0    Dex: 12    Spells: 0 memorised, 3 levels left

rFire  + . .     SeeInvis .     a - +0 falchion
rCold  + . .     Clarity  .     (no shield)
rNeg   . . .     SustAb   .     (helmet restricted)
rPois  +         Gourm    .     (no amulet)
rElec  +         Spirit   .     (no ring)
rCorr  +         Warding  .     (no ring)
rMut   .         Stasis   .     (no ring)
MR     .....                    (no ring)
Stlth  ++........               (no ring)
                                (no ring)
                                (no ring)
                                (no ring)

@: mighty, resistant, held, not resistant to hostile enchantments, unstealthy
A: almost no armour, amphibious, 8 rings, constrict 8, camouflage 1, gelatinous
body 1
a: Burn Spellbooks, Berserk, Trog's Hand, Renounce Religion


You were on level 2 of the Dungeon.
You worshipped Trog.
Trog was pleased with you.
You were hungry.

You visited 1 branch of the dungeon, and saw 2 of its levels.

You collected 94 gold pieces.


Innate Abilities, Weirdness & Mutations

You cannot wear most types of armour.
You are amphibious.
You can wear up to eight rings at the same time.
You can use your tentacles to constrict many enemies at once.
Your skin changes colour to match your surroundings (Stealth).
Your rubbery body absorbs attacks (AC +1).


   Skills:
 - Level 3.0 Fighting
 + Level 4.9 Long Blades
 - Level 3.0 Dodging


You had 3 spell levels left.
You didn't know any spells.

Inventory:

Hand weapons
 a - a +0 falchion (weapon)
Magical devices
 i - a wand of frost (32)
Scrolls
 b - a scroll of random uselessness {unknown}
 e - a scroll of noise {unknown}
 f - a scroll of enchant armour {unknown}
 g - 2 scrolls of identify
 j - a scroll of teleportation
Comestibles
 c - 3 bread rations

##########
.........##########
...............g..######
########.###.).gx......#
####.###.####.####.##
#...#....####.###...#
####.##.#####........#
#.............#.####...#
#.##.#..####)....####.##
#.##.#..####.#.#.#.......
#.##.#..##..#..._........
####
#.......##.#.###.##......
....


You could see 2 gnolls.


Message History

Trog accepts your kill. The gnoll hits you with a whip of pain!
* * * LOW HITPOINT WARNING * * *
You writhe in agony.
You see here a flail.
The gnoll closely misses you.
The gnoll throws a throwing net.
The throwing net hits you.
You become entangled in the net!
You see here a throwing net.
Read which item? (? for menu, Esc to quit)
Okay, then.
Read which item? (? for menu, Esc to quit)
As you read the scroll labeled GREIS EXZORCH, it crumbles to dust.
It is a scroll of identify.
Identify which item? (\ to view known items) (? for menu, Esc to quit)
j - a scroll of teleportation You are feeling hungry.
Drink which item? (? for menu, Esc to quit)
It was a potion of resistance.
You feel protected.
Drink which item? (? for menu, Esc to quit)
It was a potion of might.
You feel very mighty all of a sudden.
Drink which item? (? for menu, Esc to quit)
It was a potion of curing.
You feel better. The gnoll hits you with a whip of pain!
* * * LOW HITPOINT WARNING * * *
The gnoll barely misses you.
You struggle against the net.
The gnoll hits you with a whip of pain!
You die...

Action                   |  1- 3 |  4- 6 || total
-------------------------+-------+-------++-------
Melee: Falchion          |    76 |     2 ||    78
Invok: Berserk           |     2 |       ||     2
  Use: Potion            |       |     3 ||     3
       Scroll            |       |     1 ||     1
 Stab: Sleeping          |     2 |       ||     2
  Eat: Chunk             |     4 |       ||     4

Vault maps used:
D:1:      elethiomel_arrival_infinity_welcomes_careful_drivers
D:2:      lemuel_crystal_altar

Notes
Turn   | Place    | Note
--------------------------------------------------------------
     0 | D:1      | MackTheKnife, the Octopode Berserker, began the quest for the Orb.
     0 | D:1      | Reached XP level 1. HP: 16/16 MP: 1/1
   110 | D:1      | Reached XP level 2. HP: 21/21 MP: 2/2
   650 | D:1      | Reached skill level 4 in Long Blades
   660 | D:1      | Acquired Trog's second power
   675 | D:1      | Reached XP level 3. HP: 23/26 MP: 3/3
  1411 | D:2      | Found a white marble altar of Elyvilon.
  1659 | D:2      | Reached XP level 4. HP: 23/31 MP: 4/4
  1671 | D:2      | HP: 1/31 [gnoll/whip of pain (9)]
  1679 | D:2      | Slain by a gnoll

Vanquished Creatures
  An adder (D:2)
  2 gnolls (D:2)
  2 ball pythons
  4 bats
  3 giant cockroaches
  5 goblins (D:1)
  5 hobgoblins
  3 jackals (D:2)
  4 kobolds (D:1)
  A quokka (D:2)
  3 giant newts (D:1)
  8 rats
41 creatures vanquished.
